 Dungeon Crawl Stone Soup version 0.29.1-15-g9cfb28693d (webtiles) character file.

Game seed: 10025661985388104338

194 booth the Chopper (level 5, -4/41 HPs)
             Began as a Demonspawn Gladiator on Apr 23, 2023.
             Was an Elder of Uskayaw.
             Slain by Sigmund
             ... wielding a +0 scythe
              (8 damage)
             ... on level 3 of the Dungeon.
             The game lasted 00:14:42 (1850 turns).

booth the Chopper (Demonspawn Gladiator)            Turns: 1850, Time: 00:14:43

Health: -4/41      AC:  7    Str: 17    XL:     5   Next: 44%
Magic:  3/5        EV: 13    Int:  9    God:    Uskayaw [****..]
Gold:   128        SH:  0    Dex: 16    Spells: 4/4 levels left

rFire   . . .      SeeInvis .   a - +0 war axe
rCold   . . .      Faith    .   (no shield)
rNeg    . . .      Spirit   .   b - +0 leather armour
rPois   .          Reflect  .   c - +0 helmet
rElec   .          Harm     .   (no cloak)
rCorr   .          Rampage  .   l - +1 pair of gloves
Will    .....                   o - +0 pair of boots
Stlth   ++........              (no amulet)
HPRegen 0.13/turn               (no ring)
MPRegen 0.09/turn               (no ring)

@: brilliant
A: thin skeletal structure 1, demonic magic 1
a: Renounce Religion, Stomp, Line Pass


You were on level 3 of the Dungeon.
You worshipped Uskayaw.
Uskayaw was noncommittal.
You visited 1 branch of the dungeon, and saw 3 of its levels.

You collected 128 gold pieces.

Inventory:

Hand Weapons
 a - a +0 war axe (weapon)
Missiles
 d - 3 throwing nets (quivered)
 e - 6 javelins
 g - 2 boomerangs
Armour
 b - a +0 leather armour (worn)
 c - a +0 helmet (worn)
 l - a +1 pair of gloves (worn)
 o - a +0 pair of boots (worn)
Wands
 h - a wand of light (9)
Potions
 i - a potion of mutation {unknown}
 j - a potion of flight {unknown}


   Skills:
 + Level 3.0 Fighting
 * Level 4.1 Axes
 + Level 2.8 Throwing
 + Level 3.4 Dodging


You had 4 spell levels left.
You didn't know any spells.
Your spell library contained the following spells:

 Spells                   Type           Power      Damage    Failure   Level
 Magic Dart               Conj           0%         1d3       45%         1
 Conjure Flame            Conj/Fire      0%         6-21      83%         3
 Dazzling Flash           Conj/Hex       0%         N/A       83%         3
 Inner Flame              Hex/Fire       0%         N/A       83%         3
 Ozocubu's Armour         Ice            0%         N/A       83%         3
 Animate Armour           Summ/Erth      0%         N/A       99%         4
 Cause Fear               Hex            0%         N/A       99%         4
 Fulminant Prism          Conj/Hex       0%         3d6       99%         4
 Blade Hands              Tmut           0%         N/A       100%        5
 Metabolic Englaciation   Hex/Ice        0%         N/A       100%        5
 Iron Shot                Conj/Erth      0%         9d1       100%        6
 Simulacrum               Ice/Necr       0%         N/A       100%        6
 Discord                  Hex            0%         N/A       100%        8
 Lehudib's Crystal Spear  Conj/Erth      0%         10d2      100%        8


Dungeon Overview and Level Annotations

Branches:
Dungeon (3/15)

Altars:
Uskayaw

Annotations:
D:3 3 runed translucent doors, Sigmund; nroviw's ghost, amateur MiFi; turtlewat's ghost, amateur SpCj


Innate Abilities, Weirdness & Mutations

You have a somewhat thin skeletal structure. (Dex +2, Stealth+)
Spells you cast may paralyse adjacent enemies.


Message History

Sigmund drinks a potion.
Sigmund is healed!
Sigmund misses you.
You hit Sigmund but do no damage. You punch Sigmund, but do no damage.
You hit Sigmund.
Sigmund is lightly wounded.
Sigmund barely misses you.
You barely miss Sigmund.
Sigmund is lightly wounded.
Sigmund hits you with a +0 scythe.
You closely miss Sigmund.
Sigmund is lightly wounded.
Sigmund misses you.
You barely miss Sigmund.
Sigmund is lightly wounded.
Sigmund barely misses you.
You hit Sigmund.
Sigmund is moderately wounded.
Sigmund hits you with a +0 scythe!
You hit Sigmund.
Sigmund is moderately wounded.
You closely miss Sigmund.
Sigmund is moderately wounded.
Sigmund hits you with a +0 scythe.
* * * LOW HITPOINT WARNING * * *
You hit Sigmund.
Sigmund is moderately wounded.
Sigmund hits you with a +0 scythe!
* * * LOW HITPOINT WARNING * * *
Aiming: Bolt of Light
Press: ? - help, Q - select action, (/) - cycle Shift-Dir - straight line, f - Sigmund
Aim: Sigmund, wielding a +0 scythe and wearing a +0 robe (moderately wounded, 68% to hit)
The bolt of light hits Sigmund!
Sigmund is almost dead.
Sigmund is blinded.
Sigmund casts a spell at you. The puff of flame misses you.
Uskayaw will force your foes to share their pain.
It was a potion of brilliance.
You feel clever all of a sudden. Sigmund hits you with a +0 scythe!
You die...

#..{.g$###
.######.##...Sgg..#
.......##..S).##.##
....... #...†......
..... #..........
.... ####.......
#.###..## #......)
#....@..#.#
#....... #@.^..###
#.......
#.#.....<.......#.
##)# ........######
.######.)#.........
................
....#.#.###..... .
. ...#)# ... .
#>...# #.# . .#
#....# #.#


You could see Sigmund (blind).

Vanquished Creatures
  An orc priest (D:3)
  An orc wizard (D:3)
  3 gnolls (D:3)
  3 adders
  A dart slug (D:2)
  7 orcs
  2 ball pythons (D:1)
  4 endoplasms
  3 giant cockroaches
  6 goblins
  7 hobgoblins
  6 jackals (D:1)
  3 quokkas
  6 bats
  6 frilled lizards
  8 kobolds
  4 rats
71 creatures vanquished.

Vanquished Creatures (others)
  3 withered plants (D:3)
3 creatures vanquished.

Grand Total: 74 creatures vanquished

Notes
Turn   | Place    | Note
-------+----------+-------------------------------------------
     0 | D:1      | booth the Demonspawn Gladiator began the quest for the Orb.
     0 | D:1      | Reached XP level 1. HP: 16/16 MP: 1/1
   122 | D:1      | Gained mutation: Spells you cast may paralyse adjacent
                  | enemies. [demonic ancestry]
   122 | D:1      | Reached XP level 2. HP: 15/22 MP: 2/2
   191 | D:1      | Reached skill level 3 in Axes
   490 | D:1      | Gained mutation: You have a somewhat thin skeletal
                  | structure. (Dex +2, Stealth+) [demonic ancestry]
   490 | D:1      | Reached XP level 3. HP: 24/27 MP: 3/3
   636 | D:1      | Got Vehumet's Tractate on Blasting
   689 | D:1      | Found a faded altar of an unknown god.
   698 | D:1      | Prayed at the altar of an unknown god.
   698 | D:1      | Became a worshipper of Uskayaw the Reveller
   698 | D:1      | Reached * piety under Uskayaw
   859 | D:2      | Identified the +3 short sword of Kismet {drain, Int+6}
   890 | D:2      | Reached ** piety under Uskayaw
  1013 | D:2      | Reached XP level 4. HP: 32/34 MP: 4/4
  1523 | D:3      | Reached *** piety under Uskayaw
  1538 | D:3      | Noticed Sigmund
  1701 | D:3      | Found a runed translucent gate.
  1701 | D:3      | Found a runed translucent gate.
  1701 | D:3      | Found a runed translucent gate.
  1702 | D:3      | Noticed nroviw's ghost (amateur MiFi)
  1703 | D:3      | Noticed turtlewat's ghost (amateur SpCj)
  1737 | D:3      | Reached **** piety under Uskayaw
  1741 | D:3      | Reached XP level 5. HP: 33/40 MP: 5/5
  1825 | D:3      | Reached skill level 4 in Axes
  1850 | D:3      | Slain by Sigmund

Illustrated notes

Levels and vault maps discovered:
D:1:      amcnicky_arrival_feature_with_door, layout_basic,
          shapermc_ecumenical_altar_hornbeckon, minmay_tetromino_t2
D:2:      layout_rooms, grunt_ministairs_10
D:3:      layout_rooms, gammafunk_ghost_cemetery, uniq_sigmund

Skill      XL: |  1  2  3  4  5 |
---------------+----------------+-----
Throwing       | 2 |  2.8
Axes           | 3 4 |  4.1
Dodging        | 3 |  3.4
Fighting       | 3 |  3.0

Action                   |  1- 3 |  4- 6 || total
-------------------------+-------+-------++-------
Melee: War axe           |   126 |    75 ||   201
       Punch             |     1 |     1 ||     2
Throw: Javelin           |     3 |     1 ||     4
Invok: Stomp             |     1 |       ||     1
       Line Pass         |       |     1 ||     1
Evoke: Wand              |       |     1 ||     1
  Use: Scroll            |     2 |     4 ||     6
       Potion            |     1 |     5 ||     6
 Stab: Paralysed         |       |     4 ||     4
       Sleeping          |       |     1 ||     1
Armor: Leather armour    |    54 |    31 ||    85
Dodge: Dodged            |   103 |    71 ||   174
